 Dungeon Crawl Stone Soup version 0.26.0-57-g60708a5e39 (webtiles) character file.

Game seed: 6738350682542444065

240 BreadTh the Ruffian (level 5, 0/49 HPs)
             Began as a Troll Transmuter on Feb 1, 2021.
             Slain by an orc
             ... wielding a +0 trident
              (8 damage)
             ... on level 3 of the Dungeon.
             The game lasted 00:07:01 (2117 turns).

BreadTh the Ruffian (Troll Transmuter)              Turns: 2117, Time: 00:07:03

Health: 0/49       AC:  6    Str: 18    XL:     5   Next: 80%
Magic:  7/7        EV: 10    Int:  9    God:
Gold:   139        SH:  0    Dex: 11    Spells: 7/8 levels left

rFire    . . .     SeeInvis .     - Unarmed
rCold    . . .     Faith    .   (no shield)
rNeg     . . .     Spirit   .   a - +0 robe
rPois    .         Reflect  .   (helmet restricted)
rElec    .         Harm     .   (no cloak)
rCorr    .         Rampage  .   (gloves unavailable)
Will     .....                  (boots unavailable)
Stlth    +.........             (no amulet)
HPRegen  0.56/turn              (no ring)
MPRegen  0.10/turn              (no ring)

@: no status effects
A: large, unfitting armour, claws 3, regeneration 1, shaggy fur 1, tough skin 3
a: no special abilities


You were on level 3 of the Dungeon.
You visited 1 branch of the dungeon, and saw 3 of its levels.

You collected 139 gold pieces.

Inventory:

Missiles
 i - 6 boomerangs
 k - 80 stones
 l - 4 large rocks
Armour
 a - a +0 robe (worn)
 q - a +0 tower shield
Scrolls
 b - 6 scrolls of remove curse {unknown}
 c - 4 scrolls of identify {unknown}
 e - 3 scrolls of teleportation {unknown}
 f - a scroll of magic mapping {unknown}
 g - a scroll of immolation {unknown}
 h - 3 scrolls of amnesia {unknown}
 o - a scroll of fog {unknown}
Potions
 d - 2 potions of flight {unknown}
 j - 4 potions of curing {unknown}
 m - a potion of berserk rage {unknown}
 n - a potion of degeneration {unknown}
 p - a potion of haste {unknown}


   Skills:
 - Level 2.0 Fighting
 - Level 2.0 Dodging
 * Level 5.0 Unarmed Combat
 - Level 2.0 Spellcasting
 - Level 2.0 Transmutations


You had 7 spell levels left.
You knew the following spells:

 Your Spells              Type           Power        Failure   Level
a - Beastly Appendage     Tmut           8%           14%         1

Your spell library contained the following spells:

 Spells                   Type           Power        Failure   Level
 Wereblood                Tmut           4%           22%         2
 Spider Form              Tmut/Pois      1%           54%         3
 Ice Form                 Ice/Tmut       2%           91%         4
 Blade Hands              Tmut           2%           99%         5


Dungeon Overview and Level Annotations

Branches:
Dungeon (3/15)

Altars:
Xom


Innate Abilities, Weirdness & Mutations

You are too large for most types of armour.
You have claws for hands.
Your natural rate of healing is unusually fast.
You are covered in fur. (AC +1)
You have extremely tough skin. (AC +3)


Message History

You scratch the orc priest but do no damage.
The orc priest is heavily wounded.
The orc hits you from afar with a +0 trident!
The orc priest barely misses you.
You scratch the orc priest but do no damage.
The orc priest is heavily wounded.
The orc barely misses you. The orc hits you with a +0 flail.
You closely miss the orc priest.
The orc priest is heavily wounded.
The orc priest calls down the wrath of Beogh upon you.
Beogh smites you!
The orc hits you from afar with a +0 trident.
You barely miss the orc priest.
The orc priest is heavily wounded.
The orc priest mumbles some strange prayers to Beogh against you.
Beogh smites you!
* * * LOW HITPOINT WARNING * * *
The orc barely misses you.
The orc hits you from afar with a +0 trident!
You die...

#).....B.<##.oB..#####.#
o.ooo..########.....#
###.### ###.##.## ###.###
#.....# #. .....
#÷#####.#.#.####
#.##.##..
##.##...........# .#
......o ........#.#.##.#
# ###.....
#o..........##.##
#.....###o......#.###...#
#......o@.........##.....
#.....#)#.......#........
..... #.#.......#.##..>..
##.# ##.#.......#)###...#
#.###...###.####.####.##
..........#...........##
##.##...#.######†#######
##.##.# #.# # ... #.# #.#
#


You could see an orc priest and 2 orcs.

Vanquished Creatures
  A bullfrog (D:3)
  An orc priest (D:2)
  An orc wizard (D:3)
  3 adders
  2 oozes
  2 worms (D:2)
  3 dart slugs
  A leopard gecko (D:1)
  10 orcs (D:3)
  A ball python (D:3)
  2 giant cockroaches
  3 goblins
  6 hobgoblins
  4 jackals (D:3)
  2 quokkas (D:3)
  5 bats
  3 frilled lizards
  8 kobolds
  3 rats
61 creatures vanquished.

Notes
Turn   | Place    | Note
-------+----------+-------------------------------------------
     0 | D:1      | BreadTh the Troll Transmuter began the quest for the Orb.
     0 | D:1      | Reached XP level 1. HP: 18/18 MP: 1/1
    90 | D:1      | Reached skill level 1 in Fighting
    90 | D:1      | Reached XP level 2. HP: 21/27 MP: 0/2
   541 | D:1      | You fall into a shaft and drop 1 floor!
   618 | D:2      | Reached XP level 3. HP: 30/33 MP: 4/4
  1166 | D:2      | Found a shimmering altar of Xom.
  1167 | D:2      | Found a shimmering altar of Xom.
  1167 | D:2      | Found a shimmering altar of Xom.
  1168 | D:2      | Found a shimmering altar of Xom.
  1168 | D:2      | Found a shimmering altar of Xom.
  1751 | D:3      | Reached XP level 4. HP: 41/41 MP: 5/5
  1868 | D:3      | Noticed a bullfrog
  1881 | D:3      | Killed a bullfrog
  1882 | D:3      | Reached skill level 4 in Unarmed Combat
  1882 | D:3      | Reached XP level 5. HP: 22/49 MP: 6/6
  1974 | D:3      | Noticed an orc warrior
  2003 | D:2      | Reached skill level 5 in Unarmed Combat
  2117 | D:3      | Slain by an orc

Illustrated notes

Levels and vault maps discovered:
D:1:      minmay_arrival_plants_in_alcoves, layout_basic
D:2:      layout_basic, xom_redecorated
D:3:      layout_loops_ring, uniq_ijyb

Skill      XL: |  1  2  3  4  5 |
---------------+----------------+-----
Fighting       | 1 2 |  2.0
Dodging        | 2 |  2.0
Unarmed Combat | 4 5 |  5.0
Transmutations | 2 |  2.0
Spellcasting   | 2 |  2.0

Action                   |  1- 3 |  4- 6 || total
-------------------------+-------+-------++-------
Melee: Unarmed           |    80 |    98 ||   178
       Punch             |     1 |     1 ||     2
 Cast: Beastly Appendage |     2 |       ||     2
 Stab: Sleeping          |     3 |       ||     3
Armor: Robe              |    21 |    29 ||    50
Dodge: Dodged            |    30 |    46 ||    76
